 Dungeon Crawl Stone Soup version 0.29-a0-25-g7f48f510a0 (webtiles) character file.

Game seed: 14743702490388884887

68485 oldriver the Warrior (level 15, -10/155 HPs)
             Began as a Hill Orc Gladiator on Feb 1, 2022.
             Was the Champion of Beogh.
             Mangled by a culicivora (17 damage)
             ... on level 2 of the Spider Nest.
             The game lasted 00:53:20 (27959 turns).

oldriver the Warrior (Hill Orc Gladiator)          Turns: 27959, Time: 00:53:21

Health: -10/155    AC: 10    Str: 29    XL:     15   Next: 26%
Magic:  15/15      EV:  9    Int:  8    God:    Beogh [******]
Gold:   1685       SH: 15    Dex: 12    Spells: 14/14 levels left

rFire   . . .      SeeInvis .   a - +1 war axe (protect)
rCold   . . .      Faith    .   K - +0 buckler
rNeg    . . .      Spirit   .   y - +0 plate armour
rPois   +          Reflect  +   c - +2 helmet
rElec   .          Harm     .   T - scarf {repulsion}
rCorr   .          Rampage  +   (no gloves)
Will    +....      Clarity  +   P - +2 pair of boots {rampage}
Stlth   ..........              M - amulet of reflection
HPRegen 0.35/turn               Z - ring of poison resistance
MPRegen 0.14/turn               k - +4 ring of protection

@: corroded, repel missiles
A: walk on water, large bone plates 1, clarity, strong 2
a: Renounce Religion, Smiting, Recall Orcish Followers, Give Item to Named
Follower, Resurrection


You were on level 2 of the Spider Nest.
You worshipped Beogh.
Beogh was exalted by your worship.
You visited 3 branches of the dungeon, and saw 20 of its levels.
You also visited: Bailey and Gauntlet.

You collected 1739 gold pieces.
You spent 54 gold pieces at shops.

Inventory:

Hand Weapons
 a - a +1 war axe of protection (weapon)
 b - a +0 hunting sling
 E - the +4 whip of Dismemberment {protect, rCorr Int+6 Dex-3}
   (You found it on level 1 of the Spider Nest)

   It grants its wielder temporary protection when it strikes (+7 to AC).
   Int:       It affects your intelligence (+6).
   Dex:       It affects your dexterity (-3).
   rCorr:     It protects you from acid and corrosion.
Missiles
 d - 4 throwing nets
 i - 408 stones (quivered)
 j - 97 sling bullets
 n - 41 poisoned darts
 R - 3 curare-tipped darts
 S - 13 javelins
Armour
 c - a +2 helmet (worn)
 h - a +0 cloak
 y - a +0 plate armour (worn)
 K - a +0 buckler (worn)
 P - a +2 pair of boots of rampaging (worn)
 T - a scarf of repulsion (worn)
 X - a +0 pair of boots of flying
Jewellery
 k - a +4 ring of protection (right hand)
 m - a ring of fire
 q - a ring of protection from fire
 G - a ring of see invisible
 M - an amulet of reflection (around neck)
 Z - a ring of poison resistance (left hand)
Wands
 e - a wand of mindburst (20)
 s - a wand of acid (13)
 t - a wand of iceblast (4)
 v - a wand of digging (7)
 D - a wand of flame (6)
 Q - a wand of charming (1)
Scrolls
 f - 5 scrolls of fear
 g - 4 scrolls of blinking
 o - 6 scrolls of teleportation
 p - 4 scrolls of identify
 A - a scroll of holy word
 F - 2 scrolls of brand weapon
 I - a scroll of enchant armour
 J - a scroll of immolation
 N - 2 scrolls of fog
 O - 3 scrolls of enchant weapon
 V - a scroll of magic mapping
Potions
 l - 3 potions of lignification
 r - 2 potions of mutation
 u - 2 potions of brilliance
 w - 5 potions of flight
 x - a potion of attraction {unknown}
 z - 3 potions of cancellation
 B - 4 potions of magic
 C - 4 potions of curing
 H - a potion of invisibility {unknown}
 U - a potion of resistance


   Skills:
 - Level 20.0 Fighting
 + Level 15.2 Axes
 - Level 5.0 Throwing
 - Level 20.0 Armour
 - Level 3.0 Dodging
 + Level 8.3 Shields
 + Level 6.0 Evocations


You had 14 spell levels left.
You didn't know any spells.
Your spell library contained the following spells:

 Spells                   Type           Power      Damage    Failure   Level
 Magic Dart               Conj           0%         1d3       93%         1
 Shock                    Conj/Air       0%         1d3       93%         1
 Sting                    Tmut/Pois      0%         1d3       93%         1
 Summon Small Mammal      Summ           0%         N/A       93%         1
 Blink                    Tloc           0%         N/A       98%         2
 Poisonous Vapours        Pois/Air       0%         N/A       98%         2
 Searing Ray              Conj           0%         2d4       98%         2
 Call Canine Familiar     Summ           0%         N/A       100%        3
 Inner Flame              Hex/Fire       0%         N/A       100%        3
 Lesser Beckoning         Tloc           0%         N/A       100%        3
 Summon Guardian Golem    Hex/Summ       0%         N/A       100%        3
 Swiftness                Air            0%         N/A       100%        3
 Airstrike                Air            0%         N/A       100%        4
 Cause Fear               Hex            0%         N/A       100%        4
 Fulminant Prism          Conj/Hex       0%         3d6       100%        4
 Olgreb's Toxic Radiance  Pois           0%         N/A       100%        4
 Manifold Assault         Tloc           0%         N/A       100%        5
 Borgnjor's Revivificati  Necr           0%         N/A       100%        8
 Discord                  Hex            0%         N/A       100%        8
 Necromutation            Tmut/Necr      0%         N/A       100%        8
 Death's Door             Necr           0%         N/A       100%        9
 Fire Storm               Conj/Fire      0%         5d1       100%        9


Dungeon Overview and Level Annotations

Branches:
Dungeon (12/15)            Temple (0/1) D:5            Lair (6/6) D:10
 Shoals (0/4) Lair:3       Spider (2/4) Lair:2        Slime (0/5) Lair:6
 Bailey (visited)         Gauntlet (visited)
    Orc: D:9-12

Altars:
Ashenzari
Elyvilon
Fedhas
Uskayaw
Beogh
Jiyva

Shops:
D:6 *   D:12 !

Annotations:
Lair:5 exclusion: oklob plant
Spider:1 3 runed translucent doors, shadowrider38's ghost, journeyman VSEE


Innate Abilities, Weirdness & Mutations

You can walk on water.
You are partially covered in large bone plates. (SH +4)
You possess an exceptional clarity of mind.
Your muscles are very strong. (Str +4)


Message History

* * * LOW HITPOINT WARNING * * *
The wolf spider bites you but does no damage.
Hilgar hits the wolf spider with a +4 vorpal triple sword!!!
The wolf spider dies!
Beogh accepts your kill.
You start resting.
A culicivora comes into view.
A culicivora is nearby!
A culicivora is nearby!
You see here a redback corpse.
The culicivora bites Hilgar but does no damage.
Hilgar hits the culicivora with a +4 vorpal triple sword!!
You hear an angry hiss.
Hilgar hits the culicivora with a +4 vorpal triple sword!!
The culicivora dies!
Beogh accepts your kill.
A redback comes into view.
Hilgar unwields a +4 vorpal triple sword.
Hilgar wields a +1 arbalest.
Hilgar shoots a bolt.
The bolt closely misses the redback.
A redback is nearby!
A culicivora comes into view.
Hilgar unwields a +1 arbalest.
Hilgar wields a +4 vorpal triple sword.
Hilgar barely misses the redback.
Hilgar completely misses the redback.
Hilgar unwields a +4 vorpal triple sword.
Hilgar wields a +1 arbalest.
Hilgar shoots a bolt.
The bolt hits the redback!!
The redback dies!
Beogh accepts your kill.
Hilgar shoots a bolt.
The bolt barely misses the culicivora.
Hilgar shoots a bolt.
The bolt hits the culicivora!!
The culicivora bites you!!
* * * LOW HITPOINT WARNING * * *
The culicivora draws strength from your injuries!
You are too injured to fight recklessly!
You are too injured to fight recklessly!
You barely miss the culicivora.
The culicivora is severely wounded.
The culicivora bites you!
You die...

#.####...^ ..#......# .......#..
.......^.# ######## .<.......†
###.#^.#.### .......... ###
##..........#######.....#.. ###..
#............#.#.#......(#.
.#...##.........@...^..#.#.....##
...............s................#
...........[.....................
......#†.........#...............
...#..^................#)<.......
............o......#...........).
..............##.................
.............................)...
.................................


You could see a culicivora (ally target) and the friendly Hilgar the orc
warlord.

Vanquished Creatures
  Rupert (D:12)
  Mlioglotl (Spider:1)
  Asterion (Spider:1)
  A dire elephant (Lair:6)
  A minotaur (Gauntlet)
  A two-headed ogre (D:12)
  A catoblepas (Lair:2)
  A centaur warrior (D:9)
  5 death yaks
  Urug (Lair:5)
  A sixfirhy (Gauntlet)
  A pharaoh ant (Spider:1)
  A sun moth (Spider:2)
  2 orb spiders (Spider:2)
  5 wolf spiders
  A manticore (D:11)
  5 elephants
  A cane toad (Lair:6)
  4 komodo dragons
  3 rime drakes
  Psyche (D:9)
  An efreet (D:12)
  3 polar bears
  2 hornets
  6 tarantellas
  A raiju (Gauntlet)
  4 blink frogs (Lair:6)
  3 centaur simulacra (Gauntlet)
  2 culicivoras (Spider:2)
  Sigmund (D:3)
  7 jumping spiders (Spider:1)
  2 wyverns
  A shadow (D:12)
  A wraith (D:9)
  A vampire (D:11)
  A hog (Lair:6)
  19 yaks
  3 steam dragons
  Menkaure (D:4)
  15 redbacks
  2 wargs (D:10)
  9 water moccasins
  12 orc warriors
  2 sky beasts (D:6)
  2 ice beasts (D:6)
  4 black bears
  5 necrophages
  4 ogres
  10 wolves (Lair:6)
  5 centaurs
  2 phantoms (D:6)
  2 kobold brigands (D:9)
  3 bullfrogs
  A gnoll sergeant (D:12)
  Blork the orc (D:5)
  A water moccasin zombie (D:6)
  A scorpion (D:6)
  A hornet simulacrum (Gauntlet)
  A water moccasin skeleton (D:4)
  A howler monkey (D:8)
  A centaur zombie (D:7)
  3 jellies
  A gnoll shaman (D:7)
  3 orc priests
  A hound (D:5)
  A centaur skeleton (D:6)
  4 iguanas
  Crazy Yiuf (D:7)
  Jessica (D:2)
  Natasha (thrice) (D:3)
  10 orc wizards
  A killer bee zombie (D:8)
  2 howler monkey zombies (D:5)
  9 gnolls
  4 adders
  2 howler monkey skeletons (D:6)
  2 white imps
  A worm (D:5)
  An adder skeleton (D:4)
  5 dart slugs
  48 orcs
  8 endoplasms
  6 giant cockroaches
  13 goblins
  6 hobgoblins
  3 jackals (D:1)
  3 quokkas
  4 ball pythons
  6 bats
  2 frilled lizards
  15 kobolds
  A quokka skeleton (D:4)
  6 rats
359 creatures vanquished.

Vanquished Creatures (collateral kills)
  Arachne (Spider:2)
  Frances (D:12)
  Kirke (Lair:6)
  An emperor scorpion (Spider:2)
  Nessos (Lair:6)
  3 entropy weavers
  A jorogumo (Spider:2)
  A catoblepas (Lair:6)
  11 death yaks
  A two-headed ogre (D:10)
  A deep troll shaman (Lair:6)
  Sonja (Lair:2)
  A sixfirhy (Gauntlet)
  A steelbarb worm (Spider:1)
  5 orb spiders
  A manticore (D:12)
  4 wolf spiders (Spider:2)
  A moth of wrath (Spider:2)
  A torpor snail (Spider:2)
  9 elephants
  6 cane toads
  2 gargoyles (D:12)
  5 black mambas
  2 komodo dragons
  4 demonic crawlers
  2 rime drakes
  A troll (D:12)
  4 tarantellas (Spider:2)
  2 polar bears
  2 blink frogs (Lair:6)
  8 jumping spiders
  6 culicivoras
  20 yaks
  A wraith (D:12)
  2 wyverns
  A hog (Lair:6)
  A fire elemental (D:12)
  29 redbacks
  A warg (D:10)
  An acid dragon (D:12)
  8 water moccasins
  An orc warrior (D:12)
  A black bear (Lair:4)
  2 wolves (Lair:6)
  2 centaurs (D:12)
  2 bullfrogs
  3 killer bees (D:11)
  2 electric eels (Lair:6)
  A lava snake (D:12)
  An orc priest (D:10)
  An orc (D:12)
  A hobgoblin (D:12)
172 creatures vanquished.

Vanquished Creatures (others)
  An orc sorcerer (Lair:4)
  An orc knight (Lair:6)
  2 orc warriors (Spider:2)
  A cane toad (Lair:6)
  A blink frog (Lair:6)
  2 humans (Lair:6)
  4 orc priests
  3 orc wizards
  12 orcs
  14 demonic plants (Gauntlet)
  46 fungi
  55 plants
  2 starspawn tentacles (Spider:1)
144 creatures vanquished.

Grand Total: 675 creatures vanquished

Notes
Turn   | Place    | Note
-------+----------+-------------------------------------------
     0 | D:1      | oldriver the Hill Orc Gladiator began the quest for the
                  | Orb.
     0 | D:1      | Reached XP level 1. HP: 18/18 MP: 1/1
   117 | D:1      | Reached XP level 2. HP: 5/26 MP: 2/2
   747 | D:1      | Reached XP level 3. HP: 19/33 MP: 3/3
  1391 | D:1      | Found a faded altar of an unknown god.
  1563 | D:2      | Noticed Jessica
  1585 | D:2      | Killed Jessica
  1586 | D:2      | Reached skill level 5 in Fighting
  1586 | D:2      | Reached XP level 4. HP: 36/42 MP: 4/4
  2746 | D:3      | Noticed Sigmund
  2747 | D:3      | Gained mutation: You are partially covered in large bone
                  | plates. (SH +4) [potion of mutation]
  2747 | D:3      | Gained mutation: You possess an exceptional clarity of
                  | mind. [potion of mutation]
  2747 | D:3      | Gained mutation: Your muscles are strong. (Str +2) [potion
                  | of mutation]
  2747 | D:3      | Gained mutation: Your muscles are very strong. (Str +4)
                  | [potion of mutation]
  2828 | D:4      | Reached XP level 5. HP: 46/50 MP: 5/5
  2915 | D:4      | Became a worshipper of Beogh the Brigand
  3054 | D:4      | Found a broken altar of Ashenzari.
  3492 | D:4      | Noticed a necrophage
  3531 | D:4      | Killed a necrophage
  3532 | D:4      | Reached XP level 6. HP: 58/60 MP: 6/6
  3730 | D:4      | Noticed Menkaure
  3739 | D:4      | Killed Menkaure
  3740 | D:4      | Reached XP level 7. HP: 50/68 MP: 7/7
  4342 | D:4      | Found a white marble altar of Elyvilon.
  4380 | D:3      | Noticed Natasha
  4396 | D:3      | Killed Natasha
  4603 | D:5      | Entered Level 5 of the Dungeon
  4801 | D:5      | Found a staircase to the Ecumenical Temple.
  4935 | D:5      | Noticed Blork the orc
  4944 | D:5      | Killed Blork the orc
  4945 | D:5      | Reached skill level 1 in Armour
  5337 | D:5      | Reached XP level 8. HP: 67/79 MP: 8/8
  5522 | D:5      | Reached skill level 10 in Fighting
  5896 | D:5      | Reached * piety under Beogh
  6059 | D:6      | Reached skill level 5 in Axes
  7370 | D:6      | Reached XP level 9. HP: 81/86 MP: 9/9
  7744 | D:6      | Reached skill level 5 in Armour
  7769 | D:6      | Found Nuteqyto's Assorted Antiques.
  7775 | D:6      | Bought a scroll labelled WALINL SOYWE for 27 gold pieces
  7775 | D:6      | Bought a scroll labelled ZATEODEOSO for 27 gold pieces
  8865 | D:7      | Found a runed translucent door.
  8866 | D:7      | Noticed Crazy Yiuf
  9030 | D:7      | Reached ** piety under Beogh
  9222 | D:7      | Killed Crazy Yiuf
  9784 | D:8      | Found a flagged portal.
  9794 | Bailey   | Entered a bailey
  9931 | Bailey   | Reached XP level 10. HP: 81/97 MP: 10/10
 10499 | Bailey   | Reached skill level 10 in Armour
 10499 | Bailey   | Reached XP level 11. HP: 105/105 MP: 11/11
 10501 | Bailey   | Found a roughly hewn altar of Beogh.
 10501 | Bailey   | Noticed an orc knight
 10501 | Bailey   | Noticed an orc knight
 11465 | D:9      | Noticed Psyche
 11474 | D:9      | Killed Psyche
 11850 | D:9      | Noticed a centaur warrior
 12012 | D:8      | Paralysed by a hornet for 2 turns
 12357 | D:9      | Killed a centaur warrior
 13348 | D:3      | Noticed Natasha
 13356 | D:3      | Killed Natasha
 13428 | D:3      | Noticed Natasha
 13439 | D:3      | Killed Natasha
 13619 | D:3      | Killed Sigmund
 13628 | D:3      | Reached *** piety under Beogh
 13732 | D:3      | Found a roughly hewn altar of Beogh.
 13897 | D:10     | Entered Level 10 of the Dungeon
 13910 | D:10     | Noticed a two-headed ogre
 13919 | D:10     | Killed a two-headed ogre
 13977 | D:10     | Found a staircase to the Lair.
 14962 | D:11     | Found a hide-covered altar of Uskayaw.
 15002 | Lair:1   | Entered Level 1 of the Lair of Beasts
 15501 | Lair:1   | Reached skill level 1 in Shields
 16124 | Lair:2   | Noticed a catoblepas
 16145 | Lair:2   | Killed a catoblepas
 16289 | Lair:2   | Found a hole to the Spider Nest.
 16401 | Lair:2   | Reached skill level 15 in Fighting
 16511 | Lair:2   | Noticed Sonja
 16525 | Lair:2   | Killed Sonja
 16526 | Lair:2   | Reached XP level 12. HP: 113/115 MP: 12/12
 17124 | Lair:3   | Found a staircase to the Shoals.
 17714 | Lair:4   | Reached skill level 5 in Shields
 17876 | Lair:4   | Reached **** piety under Beogh
 17880 | Lair:4   | Reached skill level 15 in Armour
 18239 | Lair:4   | Noticed a death yak
 18254 | Lair:4   | Killed a death yak
 18255 | Lair:4   | Noticed a death yak
 18256 | Lair:4   | Noticed a death yak
 18257 | Lair:4   | Noticed a death yak
 18258 | Lair:4   | Noticed a death yak
 18258 | Lair:4   | Noticed a death yak
 18258 | Lair:4   | Noticed a death yak
 18258 | Lair:4   | Noticed a death yak
 18264 | Lair:4   | Killed a death yak
 18267 | Lair:4   | Killed a death yak
 18267 | Lair:4   | Killed a death yak
 18271 | Lair:4   | Killed a death yak
 18277 | Lair:4   | Killed a death yak
 18279 | Lair:4   | Killed a death yak
 18283 | Lair:4   | Killed a death yak
 18284 | Lair:4   | Reached XP level 13. HP: 83/135 MP: 13/13
 18864 | Lair:5   | Gained Hilgar as an ally
 19243 | Lair:5   | Noticed Urug
 19252 | Lair:5   | Killed Urug
 19635 | Lair:5   | Found a blossoming altar of Fedhas.
 20026 | Lair:5   | Got the Almanac of the Foremost People
 20126 | Lair:6   | Entered Level 6 of the Lair of Beasts
 20254 | Lair:6   | Reached ***** piety under Beogh
 20282 | Lair:6   | Found a gate leading to a gauntlet.
 20296 | Gauntlet | Entered a Gauntlet
 20296 | Gauntlet | Found a transporter.
 20296 | Gauntlet | Found a transporter.
 20300 | Gauntlet | Found a transporter.
 20300 | Gauntlet | Found a transporter.
 20309 | Gauntlet | Found a transporter.
 20316 | Gauntlet | Found a transporter.
 20322 | Gauntlet | Found a large runed translucent door.
 20323 | Gauntlet | Found a large runed translucent door.
 20324 | Gauntlet | Found a large runed translucent door.
 20324 | Gauntlet | Found a large runed translucent door.
 20325 | Gauntlet | Found a large runed translucent door.
 20325 | Gauntlet | Found a large runed translucent door.
 20325 | Gauntlet | Found a runed translucent gate.
 20325 | Gauntlet | Found a runed translucent door.
 20326 | Gauntlet | Found a large runed translucent door.
 20326 | Gauntlet | Found a transporter.
 20326 | Gauntlet | Found a runed translucent gate.
 20326 | Gauntlet | Found a transporter.
 20327 | Gauntlet | Found a large runed translucent door.
 20327 | Gauntlet | Found a runed translucent gate.
 20327 | Gauntlet | Found a runed translucent door.
 20329 | Gauntlet | Found a transporter.
 20334 | Gauntlet | Found a large runed translucent door.
 20334 | Gauntlet | Found a large runed translucent door.
 20335 | Gauntlet | Found a large runed translucent door.
 20336 | Gauntlet | Found a large runed translucent door.
 20345 | Gauntlet | Found a large runed translucent door.
 20345 | Gauntlet | Found a large runed translucent door.
 20356 | Gauntlet | Found a transporter.
 20363 | Gauntlet | Found a transporter.
 20383 | Gauntlet | Found a transporter.
 20417 | Gauntlet | Found a transporter.
 20431 | Gauntlet | Found a transporter.
 20531 | Gauntlet | Found a transporter.
 20547 | Gauntlet | Found a transporter.
 20562 | Gauntlet | Found a large runed translucent door.
 20562 | Gauntlet | Found a large runed translucent door.
 20840 | Gauntlet | Gained Judas as an ally
 20859 | Gauntlet | Identified the ring of Janaduif {Str+6 Int+3}
 21212 | Gauntlet | Noticed a minotaur
 21228 | Gauntlet | Killed a minotaur
 21400 | Lair:6   | Noticed Kirke
 21412 | Lair:6   | Killed Kirke
 21416 | Lair:6   | Your ally Judas died
 21776 | Lair:6   | Noticed a dire elephant
 21793 | Lair:6   | Killed a dire elephant
 22268 | Lair:6   | Noticed Nessos
 22283 | Lair:6   | Killed Nessos
 22549 | Lair:6   | Found a staircase to the Slime Pits.
 22550 | Lair:6   | Found a viscous altar of Jiyva.
 22591 | Lair:6   | Reached XP level 14. HP: 148/148 MP: 14/14
 24326 | D:12     | Found Areegib's Distillery.
 24333 | D:12     | Reached skill level 1 in Evocations
 24378 | D:12     | Noticed Rupert
 24511 | Spider:1 | Entered Level 1 of the Spider Nest
 24511 | Spider:1 | Noticed Mlioglotl
 24603 | Spider:1 | Noticed a tentacled starspawn
 24610 | Spider:1 | Killed Mlioglotl
 24879 | Spider:1 | Identified the +4 whip of Dismemberment {protect, rCorr
                  | Int+6 Dex-3}
 25172 | Spider:1 | Found a runed translucent gate.
 25172 | Spider:1 | Found a runed translucent gate.
 25172 | Spider:1 | Found a runed translucent gate.
 25174 | Spider:1 | Noticed shadowrider38's ghost (journeyman VSEE)
 25293 | Spider:1 | Noticed an entropy weaver
 25300 | Spider:1 | Killed an entropy weaver
 25427 | Spider:1 | Noticed Asterion
 25435 | Spider:1 | Noticed a balrug
 25442 | Spider:1 | Killed Asterion
 25924 | D:12     | Noticed Frances
 25934 | D:12     | Killed Frances
 26255 | D:12     | Reached ****** piety under Beogh
 26459 | D:12     | Killed Rupert
 26460 | D:12     | Reached skill level 5 in Throwing
 26925 | Spider:2 | Reached XP level 15. HP: 82/155 MP: 15/15
 26960 | Spider:2 | Reached skill level 5 in Evocations
 27191 | Spider:2 | Noticed Arachne
 27218 | Spider:2 | Killed Arachne
 27546 | Spider:2 | Reached skill level 15 in Axes
 27547 | Spider:2 | Noticed an emperor scorpion
 27805 | Spider:2 | Killed an emperor scorpion
 27958 | Spider:2 | HP: 7/155 [culicivora (22)]
 27959 | Spider:2 | Mangled by a culicivora

Illustrated notes

Levels and vault maps discovered:
D:1:      lemuel_arrival_cross, layout_loops_cross,
          dreamdust_ecumenical_altar_hidden_monk_grotto, corner_web_ring,
          minmay_liquid_box, minmay_tetromino_o2
D:2:      minmay_spotlight, layout_basic, uniq_jessica
D:3:      layout_basic, kennysheep_orc_chapel, uniq_natasha, uniq_sigmund
D:4:      layout_rooms, mainiacjoe_overflow_concentric_impassable,
          kennysheep_little_box, uniq_menkaure
D:5:      black_bear_nest_1, layout_loops_corners, minmay_temple_entry_slanted,
          uniq_blork_the_orc
D:6:      layout_cave_pods, serial_shops,
          nicolae_shop_competitors_out_of_business
D:7:      layout_loops_ring, uniq_crazy_yiuf_cottage
D:8:      layout_basic, enter_bailey_3, amcnicky_mini_corridor_feature,
          minivault_19, hellmonk_bongcloud_opening
D:9:      layout_big_octagon, uniq_psyche
D:10:     layout_cave_pods, erik_lair_orcish_takeover, serial_rivers,
          chequers_serial_rivers_micro_b, chequers_serial_rivers_marsh,
          chequers_serial_rivers_large_a, chequers_serial_rivers_small_3,
          nicolae_lava_and_water
D:11:     layout_basic, nicolae_uskayaw_murder_on_the_dancefloor
D:12:     layout_irregular_city, erik_orc_3, serial_shops,
          nicolae_inconvenience_store, uniq_rupert, uniq_frances
Lair:1:   statuecave_lemuel, layout_cave_pods, chequers_serial_rivers_small_b
Lair:2:   layout_roguey, spider_nest_entry_a, hibernation_bobbens, uniq_sonja
Lair:3:   layout_gridlike, elwin_shoals_entry_rocks, serial_bayou_shore_b
Lair:4:   layout_gridlike, serial_bayou_crossing
Lair:5:   layout_concentric_octagons, hangedman_tree_tricks, grunt_megastairs_1,
          uniq_urug
Lair:6:   grunt_lair_end_beastmaster, layout_layer_cave,
          dpeg_slime_entry_enclosed_altar, gauntlet_entry_generic,
          lookout_lair_type, uniq_kirke, uniq_nessos
Spider:1: layout_spider_delve, ebering_ghost_rock_garden, drop_trap,
          nicolae_spider_nooks_and_crannies, uniq_mlioglotl, uniq_asterion
Spider:2: cheibrodos_spider_silkery, uniq_roxanne, uniq_arachne

Skill      XL: |  1  2  3  4  5  6  7  8  9 10 11 12 13 14 15 |
---------------+----------------------------------------------+-----
Fighting       | 3 4 5 7 8 9 10 12 15 18 20 | 20.0
Throwing       | 2 3 5 |  5.0
Armour         | 2 4 7 10 13 16 19 20 | 20.0
Axes           | 6 9 13 14 15 | 15.2
Dodging        | 3 |  3.0
Shields        | 2 5 7 8 |  8.3
Evocations     | 4 6 |  6.0

Action                   |  1- 3 |  4- 6 |  7- 9 | 10-12 | 13-15 || total
-------------------------+-------+-------+-------+-------+-------++-------
Melee: War axe           |    59 |    53 |   293 |   429 |   688 ||  1522
       Punch             |     1 |     2 |     5 |     4 |       ||    12
 Fire: Hunting sling     |    29 |    91 |   132 |    13 |     8 ||   273
Throw: Stone             |    20 |       |       |       |       ||    20
       Dart              |     4 |       |    17 |    15 |     8 ||    44
       Throwing net      |       |       |     1 |       |       ||     1
       Javelin           |       |       |       |       |     1 ||     1
Invok: Convert to Beogh  |       |     1 |       |       |       ||     1
       Recall Orcish Fol |       |       |       |       |     4 ||     4
       Give Item to Name |       |       |       |       |     1 ||     1
       Stop Recall       |       |       |       |       |     1 ||     1
Evoke: Wand              |       |       |       |       |     1 ||     1
  Use: Potion            |     2 |     1 |       |     1 |     6 ||    10
       Scroll            |       |     1 |    10 |     4 |    11 ||    26
 Stab: Distracted        |       |       |       |     7 |     8 ||    15
       Petrified         |       |       |       |       |    12 ||    12
Armor: Leather armour    |    17 |    11 |     5 |       |       ||    33
       Skin              |     2 |       |       |       |       ||     2
       Chain mail        |       |       |   124 |       |       ||   124
       Plate armour      |       |       |    33 |   293 |   535 ||   861
Dodge: Dodged            |    41 |    37 |   115 |   145 |   270 ||   608
       Repelled          |       |       |       |       |     4 ||     4
Block: Other             |       |    10 |    46 |    46 |       ||   102
       Buckler           |       |       |       |    88 |   389 ||   477

Table legend: (Time is in decaauts)
 A = Elapsed time spent in this place.
 B = Non-inter-level travel time spent in this place.
 C = Inter-level travel time spent in this place.
 D = Time resting spent in this place.
 E = Time spent auto-exploring this place.
 F = Levels seen in this place.
 G = Mean time per level.
                   A        B        C        D        E       F      G
               +--------+--------+--------+--------+--------+-----+--------+
         Total |  27974 |  26046 |   1928 |   7753 |  13177 |  22 | 1271.5 |
       Dungeon |  15862 |  14747 |   1115 |   4132 |   7923 |  12 | 1321.8 |
          Lair |   8029 |   7228 |    801 |   1683 |   4256 |   6 | 1338.2 |
   Spider Nest |   1967 |   1955 |     12 |   1060 |    402 |   2 |  983.5 |
        Bailey |   1043 |   1043 |      0 |    551 |    143 |   1 | 1043.0 |
      Gauntlet |   1072 |   1072 |      0 |    327 |    453 |   1 | 1072.0 |
               +--------+--------+--------+--------+--------+-----+--------+

Top non-repeatable levels by time:
  Lair:6: 2375 daAuts
     D:8: 2227 daAuts
     D:6: 2188 daAuts
     D:4: 1817 daAuts
     D:1: 1511 daAuts
     D:5: 1492 daAuts
    D:10: 1408 daAuts
  Lair:5: 1394 daAuts
  Lair:4: 1237 daAuts
  Lair:2: 1171 daAuts
Spider:1: 1140 daAuts
  Lair:1: 1086 daAuts
Gauntlet: 1072 daAuts
     D:7: 1068 daAuts
  Bailey: 1043 daAuts
